 Dungeon Crawl Stone Soup version bcrawl-1.13 (webtiles) character file.

Game seed: 8863611991728412311

321 Camlann the Covered (level 6, 47/47 HPs)
             Began as a Demonspawn Archaeologist on July 27, 2019.
             Starved to death
             ... on level 4 of the Dungeon.
             The game lasted 00:06:30 (4071 turns).

Camlann the Covered (Demonspawn Archaeologist)      Turns: 4071, Time: 00:06:31

Health: 47/47      AC: 34    Str: 13    XL:     6   Next: 22%
Magic:  6/6        EV:  0    Int: 15    God:
Gold:   168        SH:  0    Dex: 12    Spells: 5/5 levels left

rFire    + . .     SeeInvis .   a - +1 whip
rCold    + . .     Gourm    .   (no shield)
rNeg     . . .     Faith    .   f - +9 scales of the Dragon King {rPois rF+ rC+ MR+}
rPois    +         Spirit   .   c - +1 hat
rElec    .         Reflect  .   (no cloak)
rCorr    .         Harm     .   i - +0 pair of gloves
MR       +....                  d - +2 pair of boots
Stlth    ..........             (no amulet)
HPRegen  0.15/turn              (no ring)
MPRegen  0.10/turn              (no ring)

@: fainting
A: iridescent scales 2, nightstalker 1
a: no special abilities


You were on level 4 of the Dungeon.
You were fainting.

You visited 1 branch of the dungeon, and saw 4 of its levels.

You collected 168 gold pieces.

Inventory:

Hand Weapons
 a - a +1 whip (weapon)
Armour
 c - a +1 hat (worn)
 d - a +2 pair of boots (worn)
 f - the +9 scales of the Dragon King (worn) {rPois rF+ rC+ MR+}

   It protects you from fire.
   It protects you from cold.
   It protects you from poison.
   It affects your resistance to hostile enchantments.
 h - a +0 ring mail
 i - a +0 pair of gloves (worn)
Scrolls
 l - 2 scrolls of remove curse
 n - a scroll of enchant armour
Potions
 k - a potion of flight
 m - a potion of brilliance


   Skills:
 - Level 3.0 Fighting
 - Level 0.8 Maces & Flails
 + Level 6.8 Armour
 - Level 2.6 Dodging
 - Level 3.0 Stealth


You had 5 spell levels left.
You didn't know any spells.
Your spell library was empty.

Dungeon Overview and Level Annotations

Branches:
Dungeon (4/12)
 Temple: D:4-7

Altars:
Cheibriados
Qazlal
Ru
Uskayaw
Wu Jian
Xom
The Shining One


Innate Abilities, Weirdness & Mutations

You are mostly covered in iridescent scales. (AC +4)
You are slightly more attuned to the shadows.


Message History

You miss the hungry ghost. The hungry ghost hits you.
You feel slightly more hungry.
You closely miss the hungry ghost. The hungry ghost hits you.
You feel slightly more hungry.
You aren't carrying any food.
There are no items here.
You miss the hungry ghost. The hungry ghost hits you.
You feel slightly more hungry.
You hit the hungry ghost. The hungry ghost hits you.
You feel slightly more hungry.
You closely miss the hungry ghost. The hungry ghost hits you.
You feel slightly more hungry.
A sky beast appears from thin air!
Reactivating autopickup.
The hungry ghost hits you.
You feel slightly more hungry.
You closely miss the hungry ghost. The hungry ghost hits you.
You feel slightly more hungry.
The sky beast flickers out of sight!
Deactivating autopickup; reactivate with Ctrl-A.
You have starved to death.
You die...

#........#
#........#
..##.#.### #
#.#.####...
#........#
#.#{######
#.#.#
#.#<##########
#.#....W.@...#
#.#.########.#
#.#....# #.#
#......# #.#
##......#####.#
#..........##.#
#..........##.#
#..........##.#
##.......####.#


You could see a hungry ghost.

Vanquished Creatures
  A sky beast (D:4)
  A hound (D:4)
  A centaur skeleton (D:4)
  Terence (D:2)
  An iguana (D:3)
  A worker ant (D:3)
  2 adders
  An ooze (D:2)
  2 worms (D:2)
  A dart slug (D:2)
  2 leopard geckos
  11 orcs
  2 ball pythons
  10 bats
  6 goblins
  4 hobgoblins
  8 kobolds
  A quokka (D:3)
  2 frilled lizards (D:2)
  3 rats
61 creatures vanquished.

Vanquished Creatures (others)
  5 toadstools (D:1)
5 creatures vanquished.

Grand Total: 66 creatures vanquished

Notes
Turn   | Place    | Note
-------+----------+-------------------------------------------
     0 | D:1      | Camlann the Demonspawn Archaeologist began the quest for
                  | the Orb.
     0 | D:1      | Reached XP level 1. HP: 15/15 MP: 1/1
   266 | D:1      | Gained mutation: You are partially covered in iridescent
                  | scales. (AC +2) [demonic ancestry]
   266 | D:1      | Reached XP level 2. HP: 20/22 MP: 2/2
   830 | D:2      | Reached XP level 3. HP: 18/29 MP: 3/3
  1108 | D:2      | Reached skill level 1 in Armour
  1140 | D:2      | Noticed Terence
  1519 | D:2      | Killed Terence
  1519 | D:2      | Reached skill level 3 in Armour
  1519 | D:2      | Gained mutation: You are mostly covered in iridescent
                  | scales. (AC +4) [demonic ancestry]
  1519 | D:2      | Reached XP level 4. HP: 23/35 MP: 4/4
  1716 | D:2      | Found a stormy altar of Qazlal.
  2007 | D:2      | Found a hide-covered altar of Uskayaw.
  2119 | D:2      | Found a sacrificial altar of Ru.
  2121 | D:2      | Found a glowing golden altar of the Shining One.
  2121 | D:2      | Found a shimmering altar of Xom.
  2121 | D:2      | Found an ornate altar of the Wu Jian Council.
  2486 | D:3      | Reached skill level 4 in Armour
  2927 | D:3      | Reached skill level 5 in Armour
  2927 | D:3      | Reached XP level 5. HP: 29/41 MP: 5/5
  3203 | D:3      | Found a snail-covered altar of Cheibriados.
  3552 | D:4      | Reached skill level 6 in Armour
  3558 | D:4      | Noticed a sky beast
  3702 | D:4      | Killed a sky beast
  3702 | D:4      | Gained mutation: You are slightly more attuned to the
                  | shadows. [demonic ancestry]
  3702 | D:4      | Reached XP level 6. HP: 6/47 MP: 6/6
  3984 | D:4      | Noticed a hungry ghost
  4013 | D:4      | Noticed a sky beast
  4071 | D:4      | Starved to death

Skill      XL: |  1  2  3  4  5 |
---------------+----------------+-----
Fighting       | 2 3 |  3.0
Armour         | 3 5 6 |  6.8
Maces & Flails | |  0.8
Dodging        | |  2.6
Stealth        | |  3.0

Action                   |  1- 3 |  4- 6 || total
-------------------------+-------+-------++-------
Melee: Whip              |   185 |   330 ||   515
  Use: Scroll            |     4 |     6 ||    10
       Potion            |       |     4 ||     4
 Stab: Sleeping          |     5 |     3 ||     8
  Eat: Chunk             |     2 |     4 ||     6
       Ration            |       |     5 ||     5
Armor: Robe              |    68 |       ||    68
       Ring mail         |       |   122 ||   122
       Skin              |       |    45 ||    45
       Gold dragon scale |       |   108 ||   108
Dodge: Dodged            |   118 |   123 ||   241
